 Dungeon Crawl Stone Soup version 0.31.0-11-ge490571c62 (webtiles) character file.

Game seed: 6177885691024862977

91 qw the Shooter (level 4, -2/23 HPs)
             Began as a Spriggan Hunter on Feb 4, 2024.
             Incinerated by a bombardier beetle (5 damage)
             ... with a burning spray
             ... on level 2 of the Dungeon.
             The game lasted 00:00:03 (953 turns).

qw the Shooter (Spriggan Hunter)                     Turns: 953, Time: 00:00:04

Health: -2/23      AC:  2    Str:  5 (7)  XL:     4   Next: 34%
Magic:  5/5        EV: 18    Int:  8 (10) God:
Gold:   65         SH:  0    Dex: 17 (20) Spells: 3/3 levels left

rFire   . . .        a - +0 shortbow
rCold   . . .        (shield currently unavailable)
rNeg    . . .        c - +0 robe
rPois   .            (helmet restricted)
rElec   .            (no cloak)
rCorr   .            (gloves unavailable)
SInv    +            (boots unavailable)
Will    .....        (no amulet)
Stlth   +            (no ring)
HPRegen 0.23/turn    (no ring)
MPRegen 0.09/turn

%: no passive effects
@: on fire, glowing, very quick
A: very small, no large weapons, unfitting armour, see invisible, speed 3
a: no special abilities


You were on level 2 of the Dungeon.
You visited 1 branch of the dungeon, and saw 2 of its levels.

You collected 65 gold pieces.


Innate Abilities, Weirdness & Mutations

You are very small and have problems with some larger weapons.
You are too small for most types of armour.
You have supernaturally acute eyesight. (SInv)
You cover ground extremely quickly. (Speed+++)


   Skills:
 - Level 2.1 Fighting
 + Level 5.0 Ranged Weapons
 - Level 4.0 Dodging
 - Level 1.5 Stealth


You had 3 spell levels left.
You didn't know any spells.
Your spell library was empty.

Inventory:

Hand Weapons
 a - a +0 shortbow (weapon)
Armour
 c - a +0 robe (worn)

Dungeon Overview and Level Annotations

Branches:
Dungeon (2/15)

Altars:


Message History

The bombardier beetle is heavily wounded.
You shoot an arrow. The arrow hits the bombardier beetle!
The bombardier beetle is almost dead.
You shoot an arrow.
The arrow barely misses the bombardier beetle.
The bombardier beetle sprays incendiary fluid at you.
The burning spray misses you.
You shoot an arrow. The arrow barely misses the kobold.
The bombardier beetle sprays incendiary fluid at you.
The burning spray hits you.
You are covered in liquid fire!
You shoot an arrow. The arrow misses the kobold.
The liquid fire burns you! The kobold hits you with a +0 club.
You shoot an arrow.
The arrow hits the kobold but does no damage.
The liquid fire burns you! The kobold barely misses you.
The bombardier beetle sprays incendiary fluid at you.
The burning spray hits you.
You are even more covered in liquid fire!
You shoot an arrow. The arrow hits the kobold!
You kill the kobold!
The liquid fire burns you!
You shoot an arrow.
The arrow hits the bombardier beetle but does no damage.
The bombardier beetle is almost dead.
The liquid fire burns you!
You shoot an arrow.
The arrow hits the bombardier beetle but does no damage.
The bombardier beetle is almost dead.
The liquid fire burns you!
You shoot an arrow.
The arrow barely misses the bombardier beetle.
The liquid fire burns you!
The bombardier beetle closely misses you.
You shoot an arrow. The arrow hits the bombardier beetle.
The bombardier beetle is almost dead.
The liquid fire burns you!
You die...

..#.. # #.# # #.# # #.#
# #.# ######## # #.#
#(.....# #
#.###.####.#######
.######.##.......##.....
......)@......##.##.####
.#####B###..#.##)##.# #.
#..#.))....# #.
#.......#### #.
#.#####.# #. #.. ..# ..
### #### ##


You could see a bombardier beetle.

Vanquished Creatures
  An orc priest (D:2)
  An orc wizard (D:2)
  An orc (D:2)
  3 ball pythons (D:1)
  5 endoplasms (D:1)
  A giant cockroach (D:1)
  3 goblins (D:1)
  4 hobgoblins (D:1)
  5 jackals (D:1)
  3 bats (D:1)
  A frilled lizard (D:1)
  3 kobolds
  2 rats (D:1)
33 creatures vanquished.

Notes
Turn   | Place    | Note
-------+----------+-------------------------------------------
     0 | D:1      | qw the Spriggan Hunter began the quest for the Orb.
     0 | D:1      | Reached XP level 1. HP: 10/10 MP: 2/2
     0 | D:1      | 0 ||| qw: Version: 0.3-a-160-g6735b56
     0 | D:1      | 0 ||| qw: Game counter: 6092
     0 | D:1      | 0 ||| qw: Melee chars always use a shield: true
     0 | D:1      | 0 ||| qw: God list: Okawaru
     0 | D:1      | 0 ||| qw: Allow faded altars: false
     0 | D:1      | 0 ||| qw: Do Orc after clearing Dungeon:15 true
     0 | D:1      | 0 ||| qw: Do second Lair branch before Depths: true
     0 | D:1      | 0 ||| qw: Lair rune preference: random
     0 | D:1      | 0 ||| qw: Goals: Normal
     0 | D:1      | 0 ||| PLANNING D:1-11
    23 | D:1      | Reached skill level 3 in Dodging
    99 | D:1      | Reached XP level 2. HP: 14/14 MP: 3/3
   238 | D:1      | Reached XP level 3. HP: 17/18 MP: 4/4
   699 | D:1      | 699 ||| READING scroll labelled IBIOTIEKYC.
   756 | D:1      | 756 ||| DRINKING 2 fizzy grey potions.
   757 | D:1      | 757 ||| DROPPING scroll of butterflies.
   758 | D:1      | 758 ||| DROPPING potion of degeneration.
   852 | D:2      | HP: 4/18 [orc wizard/magic dart (7)]
   854 | D:2      | Reached skill level 5 in Ranged Weapons
   860 | D:2      | Reached XP level 4. HP: 7/23 MP: 5/5
   951 | D:2      | HP: 5/23 [burnt (4)]
   952 | D:2      | HP: 2/23 [burnt (3)]
   953 | D:2      | Incinerated by a bombardier beetle

Levels and vault maps discovered:
D:1:      erik_arrival_cave_to_civilisation [erik_arrival_cave_to_hall],
          layout_basic, chequers_serial_rivers_room_b
D:2:      layout_loops_cross, grunt_decor_resistance

Skill      XL: |  1  2  3 |
---------------+----------+-----
Dodging        | 3 4 |  4.0
Ranged Weapons | 5 |  5.0
Fighting       | 2 |  2.1
Stealth        | |  1.5

Action                     |  1- 3 |  4- 6 || total
---------------------------+-------+-------++-------
   Fire: Shortbow          |   107 |    13 ||   120
    Use: Scroll            |     1 |       ||     1
         Potion            |     1 |       ||     1
 Armour: Robe              |    10 |     1 ||    11
  Dodge: Dodged            |    61 |     3 ||    64

Table legend:
 A = Non-vault XP
 B = Vault XP
 C = Vault XP percentage of total XP
 D = Non-vault monster count
 E = Vault monster count
 F = Vault count percentage of total count
                 A         B        C        D         E       F
            +---------+---------+-------+---------+---------+-------
      Total |     129 |       2 |   1.5 |      32 |       1 |   3.0
            +---------+---------+-------+---------+---------+-------
        D:1 |      48 |       2 |   4.0 |      28 |       1 |   3.4
        D:2 |      81 |       0 |   0.0 |       4 |       0 |   0.0
            +---------+---------+-------+---------+---------+-------
